 Dungeon Crawl Stone Soup version 0.31-a0-165-g3f4f80340b (webtiles) character file.

Game seed: 11505440635617347271

48 qw the Shooter (level 3, -10/32 HPs)
             Began as a Naga Hunter on June 13, 2023.
             Mangled by Terence
             ... wielding a +0 mace
              (14 damage)
             ... on level 2 of the Dungeon.
             The game lasted 00:00:22 (1104 turns).

qw the Shooter (Naga Hunter)                        Turns: 1104, Time: 00:00:23

Health: -10/32     AC:  2    Str: 13    XL:     3   Next: 72%
Magic:  3/3        EV:  9    Int:  9    God:
Gold:   860        SH:  0    Dex: 16    Spells: 2/2 levels left

rFire   . . .        Y - +1 orcbow (flame)
rCold   . . .        (shield currently unavailable)
rNeg    . . .        c - +0 leather armour
rPois   +            (no helmet)
rElec   .            (no cloak)
rCorr   .            (no gloves)
SInv    +            (no barding)
Will    .....        (no amulet)
Stlth   ++           (no ring)
HPRegen 0.25/turn    (no ring)
MPRegen 0.08/turn

%: no passive effects
@: short of breath, very slow
A: AC +1, large, see invisible, deformed body, poison resistance, slowness 2,
spit poison 1, naga tail 1
a: Spit Poison


You were on level 2 of the Dungeon.
You visited 1 branch of the dungeon, and saw 2 of its levels.

You collected 860 gold pieces.


Innate Abilities, Weirdness & Mutations

Your serpentine skin is tough. (AC +1)
You have supernaturally acute eyesight. (SInv)
Armour fits poorly on your strangely shaped body.
Your system is resistant to poisons. (rPois)
You cover ground very slowly.
You can spit poison.
You have a snake-like lower body.


   Skills:
 - Level 2.0 Fighting
 + Level 4.8 Ranged Weapons
 - Level 1.5 Dodging
 - Level 1.5 Stealth


You had 2 spell levels left.
You didn't know any spells.
Your spell library was empty.

Inventory:

Hand Weapons
 Y - a +1 orcbow of flaming (weapon)
Armour
 c - a +0 leather armour (worn)
Potions
 h - a potion of lignification {unknown}
 i - a potion of ambrosia {unknown}

Dungeon Overview and Level Annotations

Branches:
Dungeon (2/15)

Altars:

Annotations:
D:2 Terence


Message History

You kill the adder!
You have got your breath back.
You now have 860 gold pieces (gained 10).
Found a hand axe.
Terence the Incautious comes into view.
He is wielding a +0 mace.
You shoot an arrow. The arrow hits Terence.
The arrow burns Terence.
Terence shouts!
Terence is lightly wounded.
1097 ||| INVOKING Spit Poison.
Aiming: Spit Poison (2% risk of failure)
Press: ? - help, Shift-Dir - straight line, f/p - Terence The splash of poison hits Terence.
Terence is poisoned.
Terence is moderately wounded.
You shoot an arrow. The arrow completely misses Terence.
You shoot an arrow.
The arrow hits Terence but does no damage.
Terence is moderately wounded.
Terence drinks a potion.
Terence seems to grow stronger.
You shoot an arrow.
The arrow hits Terence but does no damage.
Terence is moderately wounded.
You shoot an arrow.
The arrow hits Terence but does no damage.
Terence is moderately wounded.
Terence hits you with a +0 mace! Terence closely misses you.
You shoot an arrow. The arrow closely misses Terence.
You have got your breath back.
Terence looks more healthy.
Terence hits you with a +0 mace!
Ouch! That really hurt!
1103 ||| INVOKING Spit Poison.
Aiming: Spit Poison (2% risk of failure)
Press: ? - help, Shift-Dir - straight line, f/p - Terence The splash of poison hits Terence but does no damage.
Terence is poisoned.
Terence is severely wounded.
Terence closely misses you.
You shoot an arrow. The arrow barely misses Terence.
An adder comes into view.
Terence hits you with a +0 mace!
You die...

# ....## #. ### #.#...
#.##.# #.#.. ....#
#.#.. # #. #$.# #.#.#
.# #..#..###.#.# ..
##...@@.##.#.###.#.##
......................
S.#..#........%.......
..............###...##
...)##.......<# ....
#.. .....##...# ... #.
......##>..# ##
.......##..##
.###...##..#


You could see Terence (strong, poisoned) and an adder (wandering).

Vanquished Creatures
  An adder (D:2)
  A dart slug (D:1)
  2 bats (D:1)
  3 endoplasms (D:1)
  3 goblins (D:1)
  6 hobgoblins (D:1)
  3 jackals (D:1)
  6 kobolds (D:1)
  A quokka (D:1)
  4 ball pythons
  2 rats (D:1)
32 creatures vanquished.

Notes
Turn   | Place    | Note
-------+----------+-------------------------------------------
     0 | D:1      | qw the Naga Hunter began the quest for the Orb.
     0 | D:1      | Reached XP level 1. HP: 19/19 MP: 1/1
     0 | D:1      | 0 ||| qw: Version: 0.2-a-29-gc1b59c4
     0 | D:1      | 0 ||| qw: Game counter: 4733
     0 | D:1      | 0 ||| qw: Always use a shield: true
     0 | D:1      | 0 ||| qw: God list: Okawaru
     0 | D:1      | 0 ||| qw: Allow faded altars: false
     0 | D:1      | 0 ||| qw: Do Orc after D:15 true
     0 | D:1      | 0 ||| qw: Do second Lair branch before Depths: true
     0 | D:1      | 0 ||| qw: Lair rune preference: random
     0 | D:1      | 0 ||| qw: Plans: Normal
     0 | D:1      | 0 ||| PLANNING D:1-11
    13 | D:1      | 13 ||| INVOKING Spit Poison.
    40 | D:1      | 40 ||| INVOKING Spit Poison.
    47 | D:1      | 47 ||| INVOKING Spit Poison.
   117 | D:1      | 117 ||| INVOKING Spit Poison.
   148 | D:1      | 148 ||| INVOKING Spit Poison.
   179 | D:1      | 179 ||| INVOKING Spit Poison.
   184 | D:1      | 184 ||| INVOKING Spit Poison.
   187 | D:1      | 187 ||| INVOKING Spit Poison.
   188 | D:1      | Reached skill level 4 in Ranged Weapons
   188 | D:1      | Reached XP level 2. HP: 26/26 MP: 2/2
   207 | D:1      | 207 ||| INVOKING Spit Poison.
   229 | D:1      | 229 ||| INVOKING Spit Poison.
   233 | D:1      | 233 ||| INVOKING Spit Poison.
   238 | D:1      | 238 ||| INVOKING Spit Poison.
   254 | D:1      | 254 ||| INVOKING Spit Poison.
   258 | D:1      | 258 ||| INVOKING Spit Poison.
   437 | D:1      | 437 ||| INVOKING Spit Poison.
   448 | D:1      | 448 ||| INVOKING Spit Poison.
   495 | D:1      | Reached XP level 3. HP: 32/32 MP: 3/3
   618 | D:1      | 618 ||| INVOKING Spit Poison.
   621 | D:1      | 621 ||| INVOKING Spit Poison.
   657 | D:1      | 657 ||| INVOKING Spit Poison.
   661 | D:1      | 661 ||| INVOKING Spit Poison.
   834 | D:1      | 834 ||| INVOKING Spit Poison.
   844 | D:1      | 844 ||| INVOKING Spit Poison.
   971 | D:1      | 971 ||| INVOKING Spit Poison.
  1062 | D:1      | 1062 ||| READING scroll labelled MITUSAKERCH.
  1063 | D:1      | 1063 ||| READING scroll labelled TORUUZ EPNY.
  1064 | D:1      | 1064 ||| READING 2 scrolls labelled POGGEH ZEIPOEM.
  1064 | D:1      | Identified 2 scrolls of acquirement
  1064 | D:1      | 1064 ||| ACQUIRING +1 orcbow of flaming
  1064 | D:1      | Acquired a +1 orcbow of flaming
  1066 | D:1      | 1066 ||| SWAPPING to +1 orcbow of flaming.
  1067 | D:1      | 1067 ||| DROPPING +0 shortbow.
  1068 | D:1      | 1068 ||| READING scroll of acquirement.
  1068 | D:1      | 1068 ||| ACQUIRING 836 gold pieces
  1068 | D:1      | Acquired 836 gold pieces
  1070 | D:1      | 1070 ||| READING 2 scrolls labelled PAF FUMORO.
  1071 | D:1      | 1071 ||| DROPPING scroll of poison.
  1072 | D:1      | 1072 ||| DROPPING scroll of butterflies.
  1080 | D:2      | 1080 ||| INVOKING Spit Poison.
  1084 | D:2      | 1084 ||| INVOKING Spit Poison.
  1095 | D:2      | Noticed Terence
  1097 | D:2      | 1097 ||| INVOKING Spit Poison.
  1102 | D:2      | HP: 3/32 [Terence/+0 mace (17)]
  1103 | D:2      | 1103 ||| INVOKING Spit Poison.
  1104 | D:2      | Mangled by Terence

Levels and vault maps discovered:
D:1:      lightli_arrival_flooded_house, layout_basic
D:2:      layout_basic, dilly_ecumenical_altar_fadedgnrine, uniq_jessica,
          uniq_terence

Skill      XL: |  1 |
---------------+----+-----
Ranged Weapons | 4 |  4.8
Fighting       | |  2.0
Dodging        | |  1.5
Stealth        | |  1.5

Action                     || total
---------------------------++-------
   Fire: Shortbow          ||    48
         Orcbow            ||    11
Ability: Spit Poison       ||    27
    Use: Scroll            ||     5
 Armour: Leather armour    ||     3
  Dodge: Dodged            ||     5

Table legend:
 A = Non-vault XP
 B = Vault XP
 C = Vault XP percentage of total XP
 D = Non-vault monster count
 E = Vault monster count
 F = Vault count percentage of total count
                 A         B        C        D         E       F
            +---------+---------+-------+---------+---------+-------
      Total |      69 |       0 |   0.0 |      32 |       0 |   0.0
            +---------+---------+-------+---------+---------+-------
        D:1 |      55 |       0 |   0.0 |      30 |       0 |   0.0
        D:2 |      14 |       0 |   0.0 |       2 |       0 |   0.0
            +---------+---------+-------+---------+---------+-------
